CLL
SAN JOSE BEES @ BAKERSFIELD BEARS
07/13/1982
 
TOP OF THE 1ST
Visalia Mets batting - Pitching for Fresno Grizzlies : RHP Jim Acker
Pitching: RHP Jim Acker
Batting: LHB Arnold McCrary 0-0: Called Strike
0-1: Swinging Strike
0-2: Foul Ball, location: 2F
0-2: Foul Ball, location: 2F
0-2: Ball
1-2: SINGLE (Groundball, 4D, EV 98.1 MPH)
Batting: LHB John Robbins 0-0: Ball
1-0: Fly out, F5 (Line Drive, 5, EV 68.8 MPH)
Batting: LHB Edwin Pena 0-0: Ball
1-0: Ball
2-0: Ball
3-0: Foul Ball, location: 2F
3-1: SINGLE (Groundball, 56D, EV 93.8 MPH)
Arnold McCrary to second
Runner from 2nd tries for 3rd, OUT! 7-5
Batting: LHB David Christianson 0-0: Ball
1-0: Ball
2-0: Ball
3-0: Called Strike
3-1: Foul Ball, location: 2F
3-2: Ground out U3 (Groundball, 3, EV 86.3 MPH)
Top of the 1st over - 0 runs, 2 hits, 0 errors, 1 left on base; Visalia 0 - Fresno 0
BOTTOM OF THE 1ST
Fresno Grizzlies batting - Pitching for Visalia Mets : RHP Bud Yanus
Pitching: RHP Bud Yanus
Batting: LHB William Metil 0-0: Ball
1-0: Ball
2-0: Called Strike
2-1: Ground out 6-3 (Groundball, 6, EV 85.6 MPH)
Batting: RHB Bill Pecota 0-0: Ball
1-0: Ball
2-0: Ball
3-0: Base on Balls
Batting: RHB Carl Mayberry 0-0: Called Strike
0-1: Ball
1-1: Ball
2-1: Swinging Strike
2-2: Ball
3-2: Strikes out swinging
Batting: SHB Jeffery Gossett 0-0: Ball
1-0: SINGLE (Line Drive, 6MD, EV 97.5 MPH)
Bill Pecota to second
Runner from 2nd tries for 3rd, SAFE, throw by CF made to third
Batting: RHB Mike Jirschele 0-0: Ball
1-0: Called Strike
1-1: Foul Ball, location: 2F
1-2: Foul Ball, location: 2F
1-2: Fly out, F8 (Line Drive, 8RM, EV 85.0 MPH)
Bottom of the 1st over - 0 runs, 1 hit, 0 errors, 2 left on base; Visalia 0 - Fresno 0
TOP OF THE 2ND
Visalia Mets batting - Pitching for Fresno Grizzlies : RHP Jim Acker
Batting: RHB Jeff Reynolds 0-0: Ball
1-0: Ball
2-0: Called Strike
2-1: Ball
3-1: Fly out, F9 (Line Drive, 9, EV 92.5 MPH)
Batting: SHB Julio Valdez 0-0: Ball
1-0: Ground out U3 (Groundball, 3, EV 78.1 MPH)
Batting: RHB Ken Frazier 0-0: Ball
1-0: Ball
2-0: Called Strike
2-1: Fly out, F9 (Flyball, 9LS, EV 95.6 MPH)
Top of the 2nd over - 0 runs, 0 hits, 0 errors, 0 left on base; Visalia 0 - Fresno 0
BOTTOM OF THE 2ND
Fresno Grizzlies batting - Pitching for Visalia Mets : RHP Bud Yanus
Batting: LHB Samuel Taves 0-0: Called Strike
0-1: Called Strike
0-2: Ball
1-2: Ball
2-2: Ground out 4-3 (Groundball, 34, EV 109.4 MPH)
Batting: RHB Arturo Marin 0-0: Fly out, F3 (Line Drive, 3, EV 63.1 MPH)
Batting: RHB Rex Farrior 0-0: Ground out 2-3 (Groundball, 15S, EV 66.9 MPH)
Bottom of the 2nd over - 0 runs, 0 hits, 0 errors, 0 left on base; Visalia 0 - Fresno 0
TOP OF THE 3RD
Visalia Mets batting - Pitching for Fresno Grizzlies : RHP Jim Acker
Batting: RHB Lloyd Bessard 0-0: Swinging Strike
0-1: Foul Ball, location: 2F
0-2: Ball
1-2: Strikes out looking
Batting: RHB Edgardo Serrano 0-0: Ball
1-0: Called Strike
1-1: Ball
2-1: Foul Ball, location: 2F
2-2: Strikes out swinging
Batting: LHB Arnold McCrary 0-0: Foul Ball, location: 2F
0-1: Ground out 6-3 (Groundball, 6M, EV 84.4 MPH)
Top of the 3rd over - 0 runs, 0 hits, 0 errors, 0 left on base; Visalia 0 - Fresno 0
BOTTOM OF THE 3RD
Fresno Grizzlies batting - Pitching for Visalia Mets : RHP Bud Yanus
Batting: RHB Donald Johnson 0-0: Ball
1-0: Ball
2-0: Foul Ball, location: 2F
2-1: Ball
3-1: Ground out 3-1 (Groundball, 34S, EV 86.3 MPH)
Batting: LHB William Metil 0-0: Ball
1-0: Ball
2-0: TRIPLE (Line Drive, 78XD, EV 105.0 MPH)
Batting: RHB Bill Pecota 0-0: Ball
1-0: Ball
2-0: SINGLE (Line Drive, 6MD, EV 94.4 MPH)
William Metil scores
Batting: RHB Carl Mayberry 0-0: Ball
1-0: Foul Ball, location: 2F
1-1: Called Strike
Bill Pecota is caught stealing 2nd base 2-4
1-2: Ball
2-2: Foul Ball, location: 2F
2-2: SOLO HOME RUN (Flyball, 7D, EV 93.8 MPH), Distance : 374 ft
Batting: SHB Jeffery Gossett 0-0: Called Strike
0-1: Ball
1-1: Ball
2-1: Foul Ball, location: 2F
2-2: Ball
3-2: Strikes out swinging
Bottom of the 3rd over - 2 runs, 3 hits, 0 errors, 0 left on base; Visalia 0 - Fresno 2
TOP OF THE 4TH
Visalia Mets batting - Pitching for Fresno Grizzlies : RHP Jim Acker
Batting: LHB John Robbins 0-0: Reached on error, E4 (Groundball, 34D, EV 109.4 MPH)
Batting: LHB Edwin Pena 0-0: Ball
1-0: Swinging Strike
1-1: Ball
2-1: Ball
3-1: Fly out, F8 (Flyball, 78M, EV 90.0 MPH)
Batting: LHB David Christianson 0-0: Ball
1-0: Foul Ball, location: 2F
1-1: Called Strike
1-2: Ball
2-2: Foul Ball, location: 2F
2-2: Foul Ball, location: 2F
2-2: Foul Ball, location: 2F
2-2: Ball
3-2: Base on Balls
John Robbins to second
Batting: RHB Jeff Reynolds 0-0: Called Strike
0-1: Swinging Strike
0-2: Ball
1-2: Foul Ball, location: 2F
1-2: DOUBLE (Groundball, 5L, EV 105.6 MPH)
John Robbins scores
David Christianson to third
Batting: SHB Julio Valdez 0-0: Called Strike
0-1: Swinging Strike
0-2: Strikes out swinging
Batting: RHB Ken Frazier 0-0: Ground out 6-3 (Groundball, 6M, EV 83.8 MPH)
Top of the 4th over - 1 run, 1 hit, 1 error, 2 left on base; Visalia 1 - Fresno 2
BOTTOM OF THE 4TH
Fresno Grizzlies batting - Pitching for Visalia Mets : RHP Bud Yanus
Batting: RHB Mike Jirschele 0-0: Ball
1-0: Ground out 4-3 (Groundball, 4, EV 81.9 MPH)
Batting: LHB Samuel Taves 0-0: Called Strike
0-1: Fly out, F8 (Flyball, 8LM, EV 73.8 MPH)
Batting: RHB Arturo Marin 0-0: Called Strike
0-1: Called Strike
0-2: Ground out 6-3 (Groundball, 6S, EV 84.4 MPH)
Bottom of the 4th over - 0 runs, 0 hits, 0 errors, 0 left on base; Visalia 1 - Fresno 2
TOP OF THE 5TH
Visalia Mets batting - Pitching for Fresno Grizzlies : RHP Jim Acker
Batting: RHB Lloyd Bessard 0-0: Ball
1-0: Ball
2-0: Called Strike
2-1: Fly out, F8 (Line Drive, 8LM, EV 93.1 MPH)
Batting: RHB Edgardo Serrano 0-0: Ball
1-0: Called Strike
1-1: Ground out 5-3 (Groundball, 5, EV 83.8 MPH)
Batting: LHB Arnold McCrary 0-0: Ball
1-0: Fly out, F3 (Popup, 34, EV 68.8 MPH)
Top of the 5th over - 0 runs, 0 hits, 0 errors, 0 left on base; Visalia 1 - Fresno 2
BOTTOM OF THE 5TH
Fresno Grizzlies batting - Pitching for Visalia Mets : RHP Bud Yanus
Batting: RHB Rex Farrior 0-0: Ball
1-0: Bunt for hit to 15 - play at first, batter OUT! 1-3
Batting: RHB Donald Johnson 0-0: Ball
1-0: Ball
2-0: Fly out, F8 (Line Drive, 8LM, EV 86.3 MPH)
Batting: LHB William Metil 0-0: Foul Ball, location: 2F
0-1: Ball
1-1: Called Strike
1-2: Foul Ball, location: 2F
1-2: Fly out, F8 (Flyball, 8LD, EV 93.1 MPH)
Bottom of the 5th over - 0 runs, 0 hits, 0 errors, 0 left on base; Visalia 1 - Fresno 2
TOP OF THE 6TH
Visalia Mets batting - Pitching for Fresno Grizzlies : RHP Jim Acker
Batting: LHB John Robbins 0-0: Bunt missed!
0-1: Called Strike
0-2: Ball
1-2: SINGLE (Groundball, 34D, EV 106.3 MPH)
Batting: LHB Edwin Pena 0-0: Ball
1-0: Ball
2-0: Ball
3-0: Called Strike
3-1: Swinging Strike
3-2: Foul Ball, location: 2F
3-2: Base on Balls
John Robbins to second
Batting: LHB David Christianson 0-0: Foul Ball, location: 2F
0-1: Foul Ball, location: 2F
0-2: Ball
1-2: Foul Ball, location: 2F
1-2: Grounds into double play, U5-3 (Groundball, 5L, EV 78.8 MPH)
Edwin Pena to second
Batting: RHB Jeff Reynolds 0-0: Ball
1-0: Ball
2-0: Ball
3-0: Fly out, F9 (Flyball, 89D, EV 101.3 MPH)
Top of the 6th over - 0 runs, 1 hit, 0 errors, 1 left on base; Visalia 1 - Fresno 2
BOTTOM OF THE 6TH
Fresno Grizzlies batting - Pitching for Visalia Mets : RHP Bud Yanus
Batting: RHB Bill Pecota 0-0: Ball
1-0: Foul Ball, location: 2F
1-1: Ground out 4-3 (Groundball, 4M, EV 91.9 MPH)
Batting: RHB Carl Mayberry 0-0: Ball
1-0: Foul Ball, location: 2F
1-1: Ball
2-1: Foul Ball, location: 2F
2-2: Foul Ball, location: 2F
2-2: Ball
3-2: SINGLE (Groundball, 4D, EV 102.5 MPH)
Batting: SHB Jeffery Gossett 0-0: Called Strike
0-1: Ball
1-1: Called Strike
1-2: Ball
2-2: Fly out, F8 (Flyball, 8LM, EV 83.8 MPH)
Batting: RHB Mike Jirschele 0-0: Ball
1-0: Ball
2-0: Called Strike
2-1: Ball
3-1: Fielders Choice at 2nd, 6-4 (Groundball, 6, EV 84.4 MPH)
Bottom of the 6th over - 0 runs, 1 hit, 0 errors, 1 left on base; Visalia 1 - Fresno 2
TOP OF THE 7TH
Visalia Mets batting - Pitching for Fresno Grizzlies : RHP Jim Acker
Batting: SHB Julio Valdez 0-0: Ground out 6-3 (Groundball, 6, EV 101.3 MPH)
Pitching: RHP Daniel Van Auken
Batting: RHB Ken Frazier 0-0: Ball
1-0: Called Strike
1-1: Ball
2-1: Fly out, F7 (Flyball, 7, EV 91.3 MPH)
Batting: RHB Lloyd Bessard 0-0: Ball
1-0: Fly out, F8 (Flyball, 8LS, EV 86.9 MPH)
Top of the 7th over - 0 runs, 0 hits, 0 errors, 0 left on base; Visalia 1 - Fresno 2
BOTTOM OF THE 7TH
Fresno Grizzlies batting - Pitching for Visalia Mets : RHP Bud Yanus
Batting: LHB Samuel Taves 0-0: Ground out 1-3 (Groundball, 34S, EV 81.9 MPH)
Batting: RHB Arturo Marin 0-0: Ball
1-0: Ball
2-0: Foul Ball, location: 2F
2-1: Fly out, F9 (Flyball, 9, EV 82.5 MPH)
Batting: RHB Rex Farrior 0-0: Ball
1-0: Ball
2-0: Ball
3-0: Base on Balls
Batting: RHB Donald Johnson 0-0: Ball
1-0: Ball
2-0: Called Strike
2-1: Foul Ball, location: 2F
2-2: Ground out 5-3 (Groundball, 56S, EV 85.0 MPH)
Bottom of the 7th over - 0 runs, 0 hits, 0 errors, 1 left on base; Visalia 1 - Fresno 2
TOP OF THE 8TH
Visalia Mets batting - Pitching for Fresno Grizzlies : RHP Daniel Van Auken
Now at 1B: Billy Ireland
Now at SS: Daniel Wieser
Batting: RHB Edgardo Serrano 0-0: Ground out U3 (Groundball, 3, EV 90.6 MPH)
Batting: LHB Arnold McCrary 0-0: Ball
1-0: SINGLE (Groundball, 3D, EV 95.6 MPH)
Pitching: RHP Jim L Wright
Batting: LHB John Robbins 0-0: Ball
1-0: Foul Ball, location: 2F
1-1: Ball
2-1: Ball
3-1: Base on Balls
Arnold McCrary to second
Batting: LHB Edwin Pena 0-0: Ball
1-0: Swinging Strike
1-1: Fly out, F6 (Popup, 6S, EV 70.6 MPH)
Batting: LHB David Christianson 0-0: Ball
1-0: Foul Ball, location: 2F
1-1: Ball
2-1: Swinging Strike
2-2: Ball
3-2: Base on Balls
Arnold McCrary to third
John Robbins to second
Pinch Hitting: SHB Charlie Godley 0-0: Ground out 4-3 (Groundball, 4D, EV 111.3 MPH)
Top of the 8th over - 0 runs, 1 hit, 0 errors, 3 left on base; Visalia 1 - Fresno 2
BOTTOM OF THE 8TH
Fresno Grizzlies batting - Pitching for Visalia Mets : RHP Bud Yanus
Now at 3B: J.B. Brown
Batting: LHB William Metil 0-0: Called Strike
0-1: SINGLE (Line Drive, 9S, EV 95.0 MPH)
Batting: RHB Bill Pecota 0-0: Called Strike
0-1: Ball
1-1: Ball
2-1: Fielders Choice at 2nd, 4-6 (Groundball, 4M, EV 85.0 MPH)
Batting: RHB Carl Mayberry 0-0: Ball
1-0: Ball
2-0: Ball
3-0: Called Strike
3-1: Fly out, F4 (Popup, 4M, EV 71.3 MPH)
Batting: SHB Jeffery Gossett 0-0: Fielders Choice at 2nd, 6-4 (Groundball, 6, EV 108.1 MPH)
Bottom of the 8th over - 0 runs, 1 hit, 0 errors, 1 left on base; Visalia 1 - Fresno 2
TOP OF THE 9TH
Visalia Mets batting - Pitching for Fresno Grizzlies : RHP Jim L Wright
Pitching: RHP Al Nipper
Batting: SHB Julio Valdez 0-0: Called Strike
0-1: Ball
1-1: Foul Ball, location: 2F
1-2: Strikes out swinging
Batting: RHB Ken Frazier 0-0: Swinging Strike
0-1: Fly out, F9 (Line Drive, 9, EV 103.8 MPH)
Pinch Hitting: LHB Calvin Barr 0-0: Called Strike
0-1: Ball
1-1: Called Strike
1-2: Foul Ball, location: 2F
1-2: SINGLE (Line Drive, 7LM, EV 105.6 MPH)
Batting: RHB Edgardo Serrano 0-0: Called Strike
0-1: Fly out, F8 (Line Drive, 8RD, EV 96.3 MPH)
Top of the 9th over - 0 runs, 1 hit, 0 errors, 1 left on base; Visalia 1 - Fresno 2
Friday, August 14th, 2020 - OOTP Baseball 21.5 Build 76